 Dungeon Crawl Stone Soup version 0.31-a0-819-gf6de2f5ab6 (webtiles) character file.

Game seed: 2704521419042801310

192 qw the Shooter (level 5, 0/33 HPs)
             Began as a Gargoyle Hunter on Sept 23, 2023.
             Slain by Sigmund
             ... wielding a +0 scythe
              (6 damage)
             ... on level 2 of the Dungeon.
             The game lasted 00:00:40 (1292 turns).

qw the Shooter (Gargoyle Hunter)                    Turns: 1292, Time: 00:00:40

Health: 0/33       AC:  9    Str: 14    XL:     5   Next: 71%
Magic:  5/5        EV: 10    Int: 10    God:
Gold:   56         SH:  0    Dex: 15    Spells: 4/4 levels left

rFire   . . .        Y - +0 shortbow
rCold   . . .        (shield currently unavailable)
rNeg    + . .        b - +0 ring mail
rPois   inf          (no helmet)
rElec   +            (no cloak)
rCorr   .            (no gloves)
SInv    .            (no boots)
Will    .....        (no amulet)
Stlth   +            (no ring)
HPRegen 0.25/turn    (no ring)
MPRegen 0.09/turn

%: no passive effects
@: no status effects
A: sickness immunity, AC +4, negative energy resistance 1, electricity
resistance, torment resistance 1, petrification resistance
a: no special abilities


You were on level 2 of the Dungeon.
You visited 1 branch of the dungeon, and saw 3 of its levels.

You collected 56 gold pieces.


Innate Abilities, Weirdness & Mutations

You are immune to sickness and miasma.
Your stone body is resilient. (AC +4)
You are immune to poison.
You resist negative energy. (rN+)
You are resistant to electric shocks. (rElec)
You are resistant to unholy torment.
You are immune to petrification.


   Skills:
 + Level 3.7 Fighting
 - Level 6.0 Ranged Weapons
 - Level 1.0 Armour
 - Level 1.5 Dodging
 - Level 1.1 Stealth


You had 4 spell levels left.
You didn't know any spells.
Your spell library was empty.

Inventory:

Hand Weapons
 Y - a +0 shortbow (weapon)
Armour
 b - a +0 ring mail (worn)
 c - a +0 helmet
Potions
 d - a potion of mutation {unknown}
 e - a potion of haste {unknown}
 f - a potion of heal wounds {unknown}
 g - 2 potions of attraction {unknown}
 h - a potion of degeneration {unknown}

Dungeon Overview and Level Annotations

Branches:
Dungeon (3/15)

Altars:
Vehumet

Annotations:
D:2 Sigmund


Message History

You are more confused.
You shoot an arrow. Something hits you.
You shoot an arrow. Something hits you.
You shoot an arrow. Something hits you.
You shoot an arrow. You shoot an arrow.
A magic dart appears from out of thin air!
The magic dart hits you!
You hear a zap.
Something tries to affect you, but you resist.
You shoot an arrow.
You feel less confused.
You hear a zap.
Something tries to affect you, but you resist.
You shoot an arrow. Something hits you but does no damage.
You shoot an arrow.
You hear a zap.
Something tries to affect you, but you resist.
You shoot an arrow.
You hear a zap.
Something tries to affect you, but you resist.
You shoot an arrow. Something hits you.
You shoot an arrow. Something hits you but does no damage.
You shoot an arrow.
A magic dart appears from out of thin air!
The magic dart hits you.
You shoot an arrow.
You hear some strange, mumbled words.
Something tries to affect you, but you resist.
You shoot an arrow. Something hits you.
You shoot an arrow. Something hits you.
You die...

#......)#
#...)...
#.......#
#...####
#.......#
#...#
#.......#
#...#
#.......#
#...#
#.......#
#...#
#.......#
#####
#.......#
######@##
.....{..#
#########


There were no monsters in sight!

Vanquished Creatures
  A howler monkey (D:3)
  2 hounds (D:3)
  Robin (D:2)
  2 adders
  5 orcs (D:3)
  6 bats
  2 endoplasms (D:3)
  A giant cockroach (D:1)
  4 hobgoblins
  4 jackals (D:1)
  6 kobolds
  A quokka (D:3)
  6 ball pythons (D:1)
  2 frilled lizards (D:1)
  18 goblins
61 creatures vanquished.

Notes
Turn   | Place    | Note
-------+----------+-------------------------------------------
     0 | D:1      | qw the Gargoyle Hunter began the quest for the Orb.
     0 | D:1      | Reached XP level 1. HP: 12/12 MP: 1/1
     0 | D:1      | 0 ||| qw: Version: 0.3-a-83-gcd0e7d8
     0 | D:1      | 0 ||| qw: Game counter: 1614
     0 | D:1      | 0 ||| qw: Melee chars always use a shield: true
     0 | D:1      | 0 ||| qw: God list: Okawaru
     0 | D:1      | 0 ||| qw: Allow faded altars: false
     0 | D:1      | 0 ||| qw: Do Orc after clearing Dungeon:15 true
     0 | D:1      | 0 ||| qw: Do second Lair branch before Depths: true
     0 | D:1      | 0 ||| qw: Lair rune preference: random
     0 | D:1      | 0 ||| qw: Goals: Normal
     0 | D:1      | 0 ||| PLANNING D:1-11
   121 | D:1      | Reached XP level 2. HP: 17/17 MP: 2/2
   337 | D:1      | Reached XP level 3. HP: 21/21 MP: 3/3
   349 | D:1      | Found a faded altar of an unknown god.
   388 | D:1      | Reached skill level 5 in Ranged Weapons
   676 | D:1      | 676 ||| READING scroll labelled GEREEZ GOFEMP.
   677 | D:1      | 677 ||| READING scroll labelled YLEHETT ZOSTRUJ.
   678 | D:1      | 678 ||| DROPPING scroll of butterflies.
   756 | D:2      | You fall into a shaft and drop 1 floor!
   877 | D:3      | Reached skill level 3 in Fighting
   877 | D:3      | Reached XP level 4. HP: 28/28 MP: 4/4
   990 | D:3      | Found a radiant altar of Vehumet.
  1031 | D:3      | Reached XP level 5. HP: 27/32 MP: 5/5
  1053 | D:3      | 1053 ||| UPGRADING to +0 ring mail.
  1064 | D:3      | 1064 ||| UPGRADING to +0 ring mail.
  1069 | D:3      | 1069 ||| DROPPING +0 leather armour.
  1070 | D:3      | 1070 ||| DRINKING 2 green potions.
  1099 | D:2      | Noticed Robin
  1106 | D:2      | Reached skill level 1 in Armour
  1124 | D:2      | HP: 6/32 [goblin/+0 club[Robin] (5)]
  1126 | D:2      | Killed Robin
  1127 | D:2      | Reached skill level 6 in Ranged Weapons
  1127 | D:2      | HP: 2/32 [goblin/+0 club[Robin] (2)]
  1262 | D:2      | Noticed Sigmund
  1267 | D:2      | 1267 ||| DRINKING potion of curing.
  1267 | D:2      | 1267 ||| (to cure confusion)
  1289 | D:2      | HP: 8/33 [something/magic dart (5)]
  1292 | D:2      | Slain by Sigmund

Levels and vault maps discovered:
D:1:      minmay_arrival_open_corners, layout_loops_ring,
          ebering_ecumenical_altar_sacrificial
D:2:      layout_basic, uniq_jessica, uniq_robin, uniq_terence, uniq_sigmund
D:3:      layout_loops_cross, nicolae_vehumet_altar_sigil,
          serial_co_window_serial, co_window_of_opportunity_a,
          co_window_paths_b, co_window_corner_a, co_window_paths_a,
          co_window_of_opportunity_a, co_window_corner_a, co_window_paths_b,
          co_window_corner_a, co_window_corner_a, co_window_corner_b,
          co_window_broadway_a, co_window_2corner, co_window_corner_ca,
          co_window_paths_c, co_window_broadway_b, glass_columns_a,
          chequers_jeans

Skill      XL: |  1  2  3  4  5 |
---------------+----------------+-----
Ranged Weapons | 5 6 |  6.0
Fighting       | 3 |  3.7
Armour         | 1 |  1.0
Dodging        | |  1.5
Stealth        | |  1.1

Action                     |  1- 3 |  4- 6 || total
---------------------------+-------+-------++-------
   Fire: Shortbow          |    87 |    92 ||   179
    Use: Scroll            |     2 |       ||     2
         Potion            |       |     2 ||     2
 Armour: Leather armour    |    25 |     8 ||    33
         Ring mail         |       |    60 ||    60
         Skin              |       |     3 ||     3
  Dodge: Dodged            |    23 |    44 ||    67

Table legend:
 A = Non-vault XP
 B = Vault XP
 C = Vault XP percentage of total XP
 D = Non-vault monster count
 E = Vault monster count
 F = Vault count percentage of total count
                 A         B        C        D         E       F
            +---------+---------+-------+---------+---------+-------
      Total |     237 |      38 |  13.8 |      48 |      13 |  21.3
            +---------+---------+-------+---------+---------+-------
        D:1 |      41 |       0 |   0.0 |      27 |       0 |   0.0
        D:2 |      21 |      38 |  64.4 |       6 |      13 |  68.4
        D:3 |     175 |       0 |   0.0 |      15 |       0 |   0.0
            +---------+---------+-------+---------+---------+-------
